 Dungeon Crawl Stone Soup version 0.28-a0-821-g923ab73998 (webtiles) character file.

Game seed: 9824891133851411669

271 Essalna the Firebug (level 6, -2/41 HPs)
             Began as a Demonspawn Fire Elementalist on Nov 9, 2021.
             Slain by a scorpion (7 damage)
             ... on level 3 of the Dungeon.
             The game lasted 00:03:49 (2468 turns).

Essalna the Firebug (Demonspawn Fire Elementalist)  Turns: 2468, Time: 00:03:49

Health: -2/41      AC:  2    Str:  8    XL:     6   Next: 2%
Magic:  8/11       EV: 12    Int: 19    God:
Gold:   118        SH:  0    Dex: 13    Spells: 9/12 levels left

rFire   + . .      SeeInvis .   b - staff of conjuration
rCold   . . .      Faith    .   (no shield)
rNeg    + . .      Spirit   .   a - +0 robe
rPois   .          Reflect  .   (no helmet)
rElec   .          Harm     .   (no cloak)
rCorr   .          Rampage  .   (no gloves)
Will    .....                   (no boots)
Stlth   ++........              (no amulet)
HPRegen 0.13/turn               c - ring of protection from fire
MPRegen 0.24/turn               h - ring of positive energy

@: lethally poisoned (-2 -> -10), very slightly contaminated
A: foul stench 1, magic regeneration, demonic touch 1
a: no special abilities


You were on level 3 of the Dungeon.
You visited 1 branch of the dungeon, and saw 6 of its levels.

You collected 118 gold pieces.

Inventory:

Armour
 a - a +0 robe (worn)
Magical Staves
 b - a staff of conjuration (weapon)
 l - a staff of poison
Jewellery
 c - a ring of protection from fire (left hand)
 h - a ring of positive energy (right hand)
Wands
 k - a wand of flame (24)
Scrolls
 d - a scroll of magic mapping {unknown}
 f - a scroll of enchant armour {unknown}
 i - a scroll of silence {unknown}
 j - a scroll of teleportation {unknown}
Potions
 e - a potion of cancellation {unknown}
 g - a potion of magic {unknown}
 m - a potion of invisibility {unknown}


   Skills:
 - Level 1.7 Dodging
 - Level 1.7 Stealth
 + Level 3.7 Spellcasting
 + Level 3.4 Conjurations
 + Level 4.1 Fire Magic


You had 9 spell levels left.
You knew the following spells:

 Your Spells              Type           Power      Damage    Failure   Level
a - Foxfire               Conj/Fire      100%       2x1d9     3%          1
b - Scorch                Fire           38%        2d7       3%          2

Your spell library contained the following spells:

 Spells                   Type           Power      Damage    Failure   Level
 Conjure Flame            Conj/Fire      27%        6-21      9%          3
 Inner Flame              Hex/Fire       11%        N/A       19%         3
 Flame Wave               Conj/Fire      27%        3d6       28%         4


Dungeon Overview and Level Annotations

Branches:
Dungeon (6/15)
 Temple: D:4-7

Altars:
Fedhas
Ru

Shops:
D:1 *


Innate Abilities, Weirdness & Mutations

You may rarely emit foul miasma when damaged in melee.
You regenerate magic rapidly.
Your touch may inflict minor irresistible damage on your foes.


Message History

The scorpion poisons you!
You hit the scorpion but do no damage.
You touch the scorpion.
The scorpion is heavily wounded.
You feel very sick. The scorpion stings you.
Casting: Foxfire (safe; 3% risk of failure)
Confirm with . or Enter, or press ? or * to list all spells.
You feel a surge of power!
You conjure some foxfire!
You feel sick. The scorpion misses you. The bat hits you.
The scorpion misses you.
You hit the scorpion but do no damage. Your touch misses the scorpion.
The scorpion is heavily wounded.
You feel sick.
The foxfire hits the scorpion.
The scorpion is heavily wounded.
The foxfire hits the scorpion but does no damage.
The scorpion is heavily wounded.
The bat hits you but does no damage. The bat misses you.
The scorpion barely misses you.
Casting: Foxfire (safe; 3% risk of failure)
Confirm with . or Enter, or press ? or * to list all spells.
You feel a surge of power!
You miscast Foxfire.
Nothing appears to happen.
You feel sick. The bat hits you but does no damage. The scorpion stings you!
You are lethally poisoned!
The scorpion poisons you!
Casting: Foxfire (safe; 3% risk of failure)
Confirm with . or Enter, or press ? or * to list all spells.
You feel a surge of power!
You conjure some foxfire!
* * * LOW HITPOINT WARNING * * *
You feel very sick. The bat hits you but does no damage.
The scorpion stings you.
* * * LOW HITPOINT WARNING * * *
You hit the scorpion.
You touch the scorpion.
The scorpion is almost dead.
* * * LOW HITPOINT WARNING * * *
You feel very sick.
The foxfire hits the bat!
You kill the bat!
The foxfire hits the scorpion but does no damage.
The scorpion is almost dead.
The scorpion barely misses you. The scorpion stings you!
You die...

#.# ###..##.#..####.###....#
###.######......##.......<...#
.........##....##.###.###....###
###†########++##<.$
#.#........## ....########..##..
#.#.#.####..# #.......... ...#..
....#..####.# #..######## ...#
...###........ #.##
#.###...##.###†### #.#
#@s>....#..#.....# ..#
#......####....#...>.# ###
#.#.....# #...........
....###....#...#.....# ....#
###.#.#.#.....# ...##
#.#.#.###.### ### ............
#.......#### ######..#


You could see a scorpion.

Vanquished Creatures
  A sky beast (D:3)
  A bullfrog zombie (D:5)
  A hound (D:6)
  A gnoll (D:4)
  4 adders
  A worm (D:3)
  2 dart slugs
  4 orcs (D:5)
  5 endoplasms
  A giant cockroach (D:2)
  4 goblins
  8 hobgoblins
  6 jackals (D:1)
  A quokka (D:2)
  5 ball pythons
  4 bats
  A frilled lizard (D:2)
  A jackal skeleton (D:4)
  4 kobolds
  6 rats
61 creatures vanquished.

Vanquished Creatures (others)
  231 foxfires
231 creatures vanquished.

Grand Total: 292 creatures vanquished

Notes
Turn   | Place    | Note
-------+----------+-------------------------------------------
     0 | D:1      | Essalna the Demonspawn Fire Elementalist began the quest
                  | for the Orb.
     0 | D:1      | Reached XP level 1. HP: 13/13 MP: 3/3
   255 | D:1      | Found Migrarghyck's General Store.
   261 | D:1      | Gained mutation: You may rarely emit foul miasma when
                  | damaged in melee. [demonic ancestry]
   261 | D:1      | Reached XP level 2. HP: 19/19 MP: 3/5
   407 | D:1      | Reached skill level 3 in Fire Magic
   531 | D:1      | Found a faded altar of an unknown god.
   695 | D:1      | Gained mutation: Your touch may inflict minor irresistible
                  | damage on your foes. [demonic ancestry]
   695 | D:1      | Reached XP level 3. HP: 17/24 MP: 4/6
   777 | D:1      | You fall into a shaft and drop 1 floor!
  1900 | D:3      | Reached XP level 4. HP: 30/30 MP: 4/8
  2028 | D:3      | Noticed a sky beast
  2037 | D:3      | Killed a sky beast
  2038 | D:3      | Gained mutation: You regenerate magic rapidly. [demonic
                  | ancestry]
  2038 | D:3      | Reached XP level 5. HP: 35/35 MP: 0/9
  2175 | D:3      | Found a sacrificial altar of Ru.
  2175 | D:3      | Found a blossoming altar of Fedhas.
  2175 | D:3      | You fall into a shaft and drop 3 floors!
  2190 | D:6      | Learned a level 2 spell: Scorch
  2232 | D:5      | Entered Level 5 of the Dungeon
  2239 | D:5      | Reached skill level 4 in Fire Magic
  2437 | D:4      | Reached XP level 6. HP: 41/41 MP: 7/11
  2468 | D:3      | Slain by a scorpion

Illustrated notes

Levels and vault maps discovered:
D:1:      scummos_arrival_simple_crosswalls, layout_loops_ring,
          chequers_ecumenical_altar_island, serial_shops, nicolae_square_shop,
          minivault_25
D:2:      layout_basic
D:3:      layout_rooms, gammafunk_temple_overflow_forgotten,
          gammafunk_temple_overflow_pools, serial_shops, nicolae_shop_stone,
          st_stairs_3, kennysheep_generic_room_3, uniq_crazy_yiuf_cottage
D:4:      layout_rooms, nicolae_wu_jian_glorious_leap, nrook_mini_vaults,
          kennysheep_path_1
D:5:      layout_rooms, mainiacjoe_overflow_chevrons, kennysheep_generic_room_15
D:6:      layout_cave_pools, minmay_temple_entry_glass, serial_gnoll_camp,
          gnoll_camp_mini_loothouse, gnoll_camp_mini_hut, gnoll_camp_mini_basic,
          gnoll_camp_mini_hut, gnoll_camp_mini_doghouse, grunt_ministairs_3,
          nicolae_shop_overcharged_wands

Skill      XL: |  1  2  3  4  5 |
---------------+----------------+-----
Fire Magic     | 3 4 |  4.1
Conjurations   | 2 3 |  3.4
Spellcasting   | 3 |  3.7
Dodging        | |  1.7
Stealth        | |  1.7

Action                   |  1- 3 |  4- 6 || total
-------------------------+-------+-------++-------
Melee: Staff             |    14 |     6 ||    20
       Touch             |     1 |     3 ||     4
 Cast: Foxfire           |    90 |    57 ||   147
  Use: Scroll            |     1 |       ||     1
Armor: Robe              |     3 |     4 ||     7
Dodge: Dodged            |    16 |    12 ||    28

Table legend: (Time is in decaauts)
 A = Elapsed time spent in this place.
 B = Non-inter-level travel time spent in this place.
 C = Inter-level travel time spent in this place.
 D = Time resting spent in this place.
 E = Time spent auto-exploring this place.
 F = Levels seen in this place.
 G = Mean time per level.
                   A        B        C        D        E       F      G
               +--------+--------+--------+--------+--------+-----+--------+
         Total |   2471 |   2438 |     33 |      0 |   2071 |   6 |  411.8 |
       Dungeon |   2471 |   2438 |     33 |      0 |   2071 |   6 |  411.8 |
               +--------+--------+--------+--------+--------+-----+--------+

Top non-repeatable levels by time:
     D:2: 1117 daAuts
     D:1: 779 daAuts
     D:3: 291 daAuts
     D:4: 126 daAuts
     D:5: 98 daAuts
     D:6: 56 daAuts
